 Dungeon Crawl Stone Soup version 0.27.0-1-g7a089689b8 (webtiles) character file.

Game seed: 17424037957296044386

170 ZARRMARR the Conjurer (level 5, -3/28 HPs)
             Began as a Kobold Conjurer on Aug 14, 2021.
             Was an Initiate of Ru.
             Killed by nerve-wracking pain
             ... invoked by an orc priest
              (7 damage)
             ... on level 4 of the Dungeon.
             The game lasted 00:15:19 (4529 turns).

ZARRMARR the Conjurer (Kobold Conjurer)             Turns: 4529, Time: 00:15:19

Health: -3/28      AC:  6    Str:  4    XL:     5   Next: 80%
Magic:  6/8        EV: 15    Int: 20    God:    Ru [......]
Gold:   133        SH:  0    Dex: 14    Spells: 8/9 levels left

rFire    . . .     SeeInvis .   c - +1 rapier (venom)
rCold    . . .     Faith    .   (shield restricted)
rNeg     . . .     Spirit   .   a - +0 robe
rPois    +         Reflect  .   k - +2 helmet
rElec    .         Harm     .   (no cloak)
rCorr    .         Rampage  .   (no gloves)
Will     .....                  i - +0 pair of boots
Stlth    ++++......             (no amulet)
HPRegen  0.09/turn              l - ring of poison resistance
MPRegen  0.11/turn              (no ring)

@: about to teleport
A: small, no large weapons, nightstalker 3
a: Renounce Religion


You were on level 4 of the Dungeon.
You worshipped Ru.
Ru was noncommittal.
You visited 2 branches of the dungeon, and saw 5 of its levels.

You collected 133 gold pieces.

Inventory:

Hand Weapons
 c - a +1 rapier of venom (weapon)
 t - the +11 hunting sling of the Spider Nest {freeze, rElec rN+ Stlth+}
   (You found it on level 4 of the Dungeon)

   Any ammunition fired from it freezes those it strikes, dealing additional
   cold damage.
   It can also slow down cold-blooded creatures.
   rElec:     It insulates you from electricity.
   rN:        It protects you from negative energy.
   Stlth:     It makes you more stealthy.
Armour
 a - a +0 robe (worn)
 f - a +0 ring mail of poison resistance
 i - a +0 pair of boots (worn)
 k - a +2 helmet (worn)
Jewellery
 l - a ring of poison resistance (left hand)
Wands
 s - a wand of paralysis (10)
Scrolls
 h - a scroll of magic mapping {unknown}
 n - a scroll of noise {unknown}
 p - a scroll of enchant armour {unknown}
Potions
 b - a potion of might
 d - 2 potions of attraction
 g - a potion of flight
 j - a potion of curing {unknown}
 m - 3 potions of lignification {unknown}
 o - a potion of invisibility {unknown}
 q - a potion of mutation {unknown}


   Skills:
 + Level 0.6 Fighting
 + Level 3.2 Short Blades
 + Level 2.9 Dodging
 + Level 4.7 Stealth
 + Level 2.6 Spellcasting
 + Level 4.8 Conjurations


You had 8 spell levels left.
You knew the following spells:

 Your Spells              Type           Power      Damage    Failure   Level
a - Magic Dart            Conj           84%        1d7       1%          1

Your spell library contained the following spells:

 Spells                   Type           Power      Damage    Failure   Level
 Searing Ray              Conj           42%        3d4       3%          2
 Dazzling Flash           Conj/Hex       24%        N/A       17%         3
 Fulminant Prism          Conj/Hex       6%         3d7       50%         4
 Iskenderun's Mystic Bla  Conj/Tloc      12%        2d5       50%         4


Dungeon Overview and Level Annotations

Branches:
Dungeon (4/15)             Temple (1/1) D:4

Altars:
Ashenzari
Cheibriados
Fedhas
Gozag
Hepliaklqana
Makhleb
Ru
Sif Muna
Trog
Uskayaw
Vehumet
Zin


Innate Abilities, Weirdness & Mutations

You are small and have problems with some larger weapons.
You are completely attuned to the shadows.


Message History

Aim: an orc priest, wielding a +0 dagger (100% to hit)
The magic dart hits the orc priest.
The orc priest is lightly wounded.
The orc wizard shouts!
The orc priest calls down the wrath of Beogh upon you.
Beogh smites you!
The orc wizard mumbles some strange words.
The orc wizard flickers and vanishes!
Deactivating autopickup; reactivate with Ctrl-A.
Unknown command.
Aiming: Magic Dart (safe; 1% risk of failure)
Press: ? - help, Q - select action, (/) - cycle Shift-Dir - straight line, f/p - orc priest
Aim: an orc priest, wielding a +0 dagger (lightly wounded, 100% to hit)
The magic dart hits the orc priest.
The orc priest is moderately wounded.
You feel much better.
An orc comes into view. It is wielding a +0 flail.
The orc priest invokes the aid of Beogh against you.
Beogh smites you!
The orc shouts!
The orc priest misses you.
You hit the orc priest but do no damage.
The orc priest is poisoned.
The orc priest is moderately wounded.
The orc priest barely misses you.
You hit the orc priest.
The orc priest looks as sick as possible!
The orc priest is severely wounded.
The orc priest closely misses you.
You barely miss the orc priest.
The orc priest is severely wounded.
The orc priest invokes the aid of Beogh against you.
Pain shoots through your body!
Ouch! That really hurt!
* * * LOW HITPOINT WARNING * * *
As you read the scroll of teleportation, it crumbles to dust.
You feel strangely unstable.
The orc priest invokes the aid of Beogh against you.
Pain shoots through your body!
You die...

#...............# #.#....##.#
#.############.######.......#.#
#.# #................. #.#
#.######.......... #.# #.#
#.#....#..# #.# #.# #.##...#..#
#.# #.# #....#....# #.# #.#
####...#.## #.# #@# ##.##.#.
#.# #o# #.##.#[ #†# #{# #.##>#.
#.# #o. #.##.#. #.# ### #.##.#.
#.# PPPP##.# P# #.##... #.#


P##PP#PPP###PP #.####. #.#P.P.PPP#P...P# #.# #. #.##P#PPPP##PP.P##.P. #.####.
You could see an orc priest (extremely poisoned) and an orc.

Vanquished Creatures
  A bullfrog skeleton (D:4)
  A hound (D:4)
  3 gnolls (D:4)
  An adder (D:3)
  A worm (D:4)
  5 dart slugs
  A ball python (D:1)
  4 bats
  5 endoplasms
  3 giant cockroaches
  3 goblins
  8 hobgoblins
  6 quokkas
  4 frilled lizards
  10 kobolds
  6 rats
62 creatures vanquished.

Notes
Turn   | Place    | Note
-------+----------+-------------------------------------------
     0 | D:1      | ZARRMARR the Kobold Conjurer began the quest for the Orb.
     0 | D:1      | Reached XP level 1. HP: 10/10 MP: 3/3
   456 | D:1      | Reached XP level 2. HP: 15/15 MP: 3/5
  1119 | D:2      | Reached XP level 3. HP: 12/19 MP: 0/6
  2600 | D:3      | Reached XP level 4. HP: 18/24 MP: 7/7
  2698 | D:3      | Reached skill level 1 in Short Blades
  2862 | D:3      | Found a broken altar of Ashenzari.
  3022 | D:3      | Found a faded altar of an unknown god.
  3197 | D:3      | Found a radiant altar of Vehumet.
  3589 | D:4      | Reached XP level 5. HP: 20/28 MP: 5/8
  3717 | D:4      | Found a staircase to the Ecumenical Temple.
  3726 | Temple   | Entered the Ecumenical Temple
  3837 | Temple   | Became a worshipper of Ru the Awakened
  4136 | D:4      | Found a blossoming altar of Fedhas.
  4291 | D:4      | Identified the +11 hunting sling of the Spider Nest
                  | {freeze, rElec rN+ Stlth+}
  4529 | D:4      | Killed from afar by an orc priest

Illustrated notes

Levels and vault maps discovered:
D:1:      wander_arrival_fairy_ring, layout_basic
D:2:      layout_loops_ring
D:3:      layout_loops_ring, nicolae_vehumet_altar_sigil,
          mainiacjoe_overflow_cross_hatched, ebering_ecumenical_altar_box,
          st_stairs_13
D:4:      layout_loops_ring, tgw_fedhas, minmay_temple_entry_glassed_door
Temple:   compressed_dpeg_triangle_lava_temple

Skill      XL: |  1  2  3  4  5 |
---------------+----------------+-----
Stealth        | 3 4 |  4.7
Short Blades   | 1 3 |  3.2
Fighting       | |  0.6
Dodging        | |  2.9
Spellcasting   | |  2.6
Conjurations   | |  4.8

Action                   |  1- 3 |  4- 6 || total
-------------------------+-------+-------++-------
Melee: Unarmed           |     3 |       ||     3
       Dagger            |    28 |       ||    28
       Rapier            |    13 |    48 ||    61
 Cast: Magic Dart        |    47 |    13 ||    60
  Use: Scroll            |     4 |     4 ||     8
       Potion            |     1 |     1 ||     2
 Stab: Sleeping          |     7 |    12 ||    19
Armor: Robe              |     3 |     9 ||    12
Dodge: Dodged            |    30 |    23 ||    53
